 Dungeon Crawl Stone Soup version 0.31-a0-164-g2312942fda (webtiles) character file.

Game seed: 5662242694856867625

565 Anon1729 the Trooper (level 7, -5/61 HPs)
             Began as a Minotaur Monk on June 13, 2023.
             Slain by a water moccasin (7 damage)
             ... on level 4 of the Dungeon.
             The game lasted 00:02:02 (3002 turns).

Anon1729 the Trooper (Minotaur Monk)                Turns: 3002, Time: 00:02:02

Health: -5/61      AC:  2    Str: 15 (16) XL:     7   Next: 10%
Magic:  8/8        EV: 14    Int:  7      God:
Gold:   248        SH:  0    Dex: 14      Spells: 6/6 levels left

rFire   . . .        h - +1 dagger (venom)
rCold   . . .        d - orb {light}
rNeg    . . .        b - +0 robe
rPois   .            (helmet restricted)
rElec   .            (no cloak)
rCorr   .            (no gloves)
SInv    .            (no boots)
Will    +....        (no amulet)
Stlth   +            (no ring)
HPRegen 0.30/turn    (no ring)
MPRegen 0.11/turn

%: no passive effects
@: lethally poisoned (-5 -> -19), enlightened, flying, glowing
A: horns 2, retaliatory headbutt, deterioration 2, inability to drink after
injury 1
a: no special abilities


You were on level 4 of the Dungeon.
You visited 1 branch of the dungeon, and saw 4 of its levels.

You collected 248 gold pieces.

Inventory:

Hand Weapons
 a - a +0 short sword
 h - a +1 dagger of venom (weapon)
Armour
 b - a +0 robe (worn)
 d - an orb of light (worn)
Scrolls
 e - a scroll of brand weapon {unknown}
 f - a scroll of noise {unknown}
 g - 10 scrolls of identify {unknown}
 i - a scroll of fear {unknown}
 k - 2 scrolls of teleportation {unknown}
 o - a scroll of enchant armour {unknown}
 p - a scroll of enchant weapon {unknown}
 q - a scroll of revelation {unknown}
 s - a scroll of immolation {unknown}
 t - a scroll of blinking {unknown}
Potions
 c - a potion of ambrosia
 l - a potion of magic {unknown}
 m - a potion of mutation
 n - a potion of curing {unknown}
 r - a potion of berserk rage {unknown}
 u - a potion of degeneration {unknown}


   Skills:
 + Level 5.4 Fighting
 + Level 4.9 Short Blades
 + Level 3.8 Armour
 + Level 4.9 Dodging
 + Level 3.1 Invocations


You had 6 spell levels left.
You didn't know any spells.
Your spell library contained the following spells:

 Spells                   Type           Power      Damage    Failure   Level
 Ozocubu's Armour         Ice            0%         N/A       80%         3
 Cause Fear               Hex            0%         N/A       99%         4
 Dragon Form              Tmut           0%         N/A       100%        7
 Ozocubu's Refrigeration  Ice            0%         4d7       100%        7
 Dragon's Call            Summ           0%         N/A       100%        9


Dungeon Overview and Level Annotations

Branches:
Dungeon (4/15)
 Temple: D:4-7

Altars:
Cheibriados
Ru

Shops:
D:1 [


Innate Abilities, Weirdness & Mutations

You have a pair of horns on your head.
You reflexively headbutt those who attack you in melee.
Your body often deteriorates upon taking damage.
You occasionally lose the ability to drink potions when taking damage.


Message History

You hit the water moccasin.
The water moccasin is heavily wounded.
You feel sick. The water moccasin bites you.
You are more poisoned.
The water moccasin poisons you! The water moccasin bites you!
You are lethally poisoned!
The water moccasin poisons you!
You are too injured to fight recklessly!
You are too injured to fight recklessly!
You are too injured to fight recklessly!
You are too injured to fight recklessly!
There is a lethal amount of poison in your body!
There is a lethal amount of poison in your body!
You barely miss the water moccasin.
The water moccasin is heavily wounded.
You feel very sick. The water moccasin closely misses you.
You hit the water moccasin.
The water moccasin is heavily wounded.
* * * LOW HITPOINT WARNING * * *
You feel very sick. The water moccasin bites you.
* * * LOW HITPOINT WARNING * * *
It was a potion of mutation.
You feel extremely strange.
You occasionally lose the ability to drink potions when taking damage.
You feel yourself wasting away.
You feel your body start to fall apart.
* * * LOW HITPOINT WARNING * * *
You feel very sick. The water moccasin misses you. You furiously retaliate!
You headbutt the water moccasin!
It was a potion of enlightenment.
You feel very buoyant.
You fly up into the air.
* * * LOW HITPOINT WARNING * * *
You feel very sick. The water moccasin bites you!
* * * LOW HITPOINT WARNING * * *
Your body deteriorates!
You feel weakened. The water moccasin bites you!
You die...

. ... ... #### ...
####..### ... .......#
... # ###.....## ... ..
#.S@.....### .
#....##.#.....# ..
###.###....#..# ##...
#. ###....#.##.#..#
#.#.###. ....##...##...
.... .. #.#.##.#..#.###
...##.#.##.. ...##....#
.#.##.#..#.####^##.#..#
.#..#.
#.#.##.........####


You could see a water moccasin.

Vanquished Creatures
  2 black bears (D:4)
  A phantom (D:4)
  2 hounds (D:3)
  An orc wizard (D:3)
  An iguana (D:4)
  6 adders
  3 gnolls (D:3)
  2 worms (D:4)
  2 dart slugs
  12 orcs (D:3)
  8 endoplasms
  5 giant cockroaches
  8 goblins
  13 hobgoblins
  3 jackals (D:2)
  6 kobolds
  A quokka (D:4)
  7 ball pythons
  4 bats
  5 frilled lizards
  12 rats
104 creatures vanquished.

Notes
Turn   | Place    | Note
-------+----------+-------------------------------------------
     0 | D:1      | Anon1729 the Minotaur Monk began the quest for the Orb.
     0 | D:1      | Reached XP level 1. HP: 19/19 MP: 0/0
   122 | D:1      | Reached XP level 2. HP: 23/27 MP: 1/1
   255 | D:1      | Reached skill level 1 in Armour
   269 | D:1      | Found Koje's Armour Boutique.
   483 | D:1      | Reached skill level 4 in Fighting
   483 | D:1      | Reached skill level 1 in Invocations
   483 | D:1      | Reached XP level 3. HP: 26/33 MP: 2/2
  1365 | D:2      | Reached XP level 4. HP: 32/40 MP: 4/4
  1778 | D:3      | Reached XP level 5. HP: 43/47 MP: 5/5
  2269 | D:4      | Noticed a phantom
  2289 | D:4      | Killed a phantom
  2290 | D:4      | Reached XP level 6. HP: 18/55 MP: 6/6
  2300 | D:3      | Reached skill level 5 in Fighting
  2515 | D:4      | Found a snail-covered altar of Cheibriados.
  2755 | D:4      | Found a sacrificial altar of Ru.
  2770 | D:4      | Reached XP level 7. HP: 61/61 MP: 8/8
  3001 | D:4      | Gained mutation: You occasionally lose the ability to drink
                  | potions when taking damage. [potion of mutation]
  3001 | D:4      | Gained mutation: Your body sometimes deteriorates upon
                  | taking damage. [potion of mutation]
  3001 | D:4      | Gained mutation: Your body often deteriorates upon taking
                  | damage. [potion of mutation]
  3002 | D:4      | HP: 2/61 [water moccasin (7)]
  3002 | D:4      | Slain by a water moccasin

Illustrated notes

Levels and vault maps discovered:
D:1:      lightli_arrival_boilingwater, layout_basic, serial_shops,
          nicolae_shop_tiny_statue_garden
D:2:      layout_loops_cross, kennysheep_generic_room_4
D:3:      layout_rooms
D:4:      layout_cave_pools, slow_altar_1, nicolae_ru_sacrificial_ziggurat,
          nicolae_letterblocks [nicolae_letter_subblock,
          nicolae_letter_subblock, nicolae_letter_subblock,
          nicolae_letter_subblock, nicolae_letter_subblock,
          nicolae_letter_subblock, nicolae_letter_subblock,
          nicolae_letter_subblock, nicolae_letter_subblock,
          nicolae_letter_subblock, nicolae_letter_subblock,
          nicolae_letter_subblock, nicolae_letter_subblock,
          nicolae_letter_subblock, nicolae_letter_subblock,
          nicolae_letter_subblock, nicolae_letter_subblock,
          nicolae_letter_subblock, nicolae_letter_subblock,
          nicolae_letter_subblock, nicolae_letter_subblock,
          nicolae_letter_subblock, nicolae_letter_subblock,
          nicolae_letter_subblock, nicolae_letter_subblock]

Skill      XL: |  1  2  3  4  5  6 |
---------------+-------------------+-----
Armour         | 1 2 3 |  3.8
Fighting       | 4 5 |  5.4
Invocations    | 1 2 3 |  3.1
Short Blades   | 4 |  4.9
Dodging        | 4 |  4.9

Action                     |  1- 3 |  4- 6 |  7- 9 || total
---------------------------+-------+-------+-------++-------
  Melee: Short sword       |    27 |       |       ||    27
         Headbutt          |    20 |    44 |     3 ||    67
         Dagger            |    79 |   134 |    14 ||   227
    Use: Potion            |       |       |     2 ||     2
 Armour: Robe              |    13 |    11 |     1 ||    25
  Dodge: Dodged            |    66 |    95 |     7 ||   168

Table legend: (Time is in decaauts)
 A = Elapsed time spent in this place.
 B = Non-inter-level travel time spent in this place.
 C = Inter-level travel time spent in this place.
 D = Time resting spent in this place.
 E = Time spent auto-exploring this place.
 F = Levels seen in this place.
 G = Mean time per level.
                   A        B        C        D        E       F      G
               +--------+--------+--------+--------+--------+-----+--------+
         Total |   2953 |   2833 |    120 |    214 |   2136 |   4 |  738.2 |
       Dungeon |   2953 |   2833 |    120 |    214 |   2136 |   4 |  738.2 |
               +--------+--------+--------+--------+--------+-----+--------+

Top non-repeatable levels by time:
     D:1: 808 daAuts
     D:3: 795 daAuts
     D:2: 745 daAuts
     D:4: 604 daAuts
